 Dungeon Crawl Stone Soup version 0.19.5 (webtiles) character file.

62 GreenAris the Purveyor of Pain (level 3, -4/19 HPs)
             Began as a Deep Elf Necromancer on Apr 1, 2017.
             Was an Initiate of Kikubaaqudgha.
             Killed from afar by Sigmund (6 damage)
             ... with a magic dart
             ... on level 3 of the Dungeon.
             The game lasted 00:36:28 (1961 turns).

GreenAris the Purveyor of Pain (DENe)               Turns: 1961, Time: 00:36:29

Health: -4/19      AC:  2    Str:  5    XL:     3   Next: 85%
Magic:  2/10       EV: 13    Int: 20    God:    Kikubaaqudgha [......]
Gold:   125        SH:  0    Dex: 15    Spells: 3 memorised, 5 levels left

rFire  . . .     SeeInvis .     v - +2 dagger (drain)
rCold  . . .     Gourm    .     a - +0 robe
rNeg   . . .     Faith    .     (no shield)
rPois  .         Spirit   .     (no helmet)
rElec  .         Reflect  .     (no cloak)
rCorr  .         Harm     .     (no gloves)
MR     .....                    (no boots)
Stlth  ++........               (no amulet)
                                (no ring)
                                (no ring)

@: no status effects
A: no striking features
a: Renounce Religion


You were on level 3 of the Dungeon.
You worshipped Kikubaaqudgha.
Kikubaaqudgha was noncommittal.
You were not hungry.

You visited 1 branch of the dungeon, and saw 3 of its levels.

You collected 125 gold pieces.

Inventory:

Hand Weapons
 f - a +0 dagger
 h - a +0 dagger
 l - a +0 club
 q - a +0 short sword
 v - a +2 dagger of draining (weapon)
 y - a +0 short sword
 z - a +0 mace
 D - a +0 whip
Missiles
 d - 46 poisoned needles (quivered)
 n - 49 stones
 r - 21 sling bullets
Armour
 a - a +0 robe (worn)
 o - a +0 scale mail
 s - a +0 centaur barding
 t - a cursed +0 helmet
 w - a +0 pair of gloves
Jewellery
 c - an uncursed ring of flight {unknown}
 g - an uncursed ring of see invisible {unknown}
Scrolls
 i - a scroll of immolation {unknown}
 k - 2 scrolls of remove curse {unknown}
 m - 4 scrolls of identify {unknown}
 u - a scroll of fog {unknown}
 x - a scroll of amnesia {unknown}
 A - a scroll of enchant weapon {unknown}
 E - a scroll of random uselessness {unknown}
 F - 2 scrolls of teleportation {unknown}
Potions
 e - 3 potions of curing {unknown}
 j - a potion of ambrosia {unknown}
 p - a potion of flight {unknown}
 B - a potion of lignification {unknown}
 C - 2 potions of invisibility {unknown}
Books
 b - a book of Necromancy

   Spells                             Type                      Level
   a - Pain                           Necromancy                   1
   b - Animate Skeleton               Necromancy                   1
   c - Vampiric Draining              Necromancy                   3
   d - Regeneration                   Charms/Necromancy            3
   e - Animate Dead                   Necromancy                   4
   f - Control Undead                 Necromancy                   4
Comestibles
 G - a meat ration


   Skills:
 + Level 2.6 Dodging
 + Level 2.6 Stealth
 + Level 4.2 Spellcasting
 + Level 0.4 Charms
 + Level 5.8 Necromancy


You had 5 spell levels left.
You knew the following spells:

 Your Spells              Type           Power        Failure   Level  Hunger
a - Pain                  Necr           ####         1%          1    None
b - Animate Skeleton      Necr           N/A          1%          1    None
c - Regeneration          Chrm/Necr      ###.......   12%         3    ###....


Dungeon Overview and Level Annotations

Branches:
Dungeon (3/15)

Altars:
Kikubaaqudgha
The Shining One

Annotations:
D:3 Sigmund


Message History

Autopickup is now on.
A magic dart appears from out of thin air!
Deactivating autopickup; reactivate with Ctrl-A.
The magic dart hits you!
You are confused.
You bump into the rock wall.
A puff of flame appears from out of thin air!
The puff of flame hits you!
* * * LOW HITPOINT WARNING * * *
You bump into the rock wall.
Something tries to affect you, but you resist.
You bump into the rock wall.
A puff of flame appears from out of thin air!
The puff of flame misses you.
You're too confused to move!
You feel less confused.
A magic dart appears from out of thin air!
The magic dart hits you!
You die...
Kikubaaqudgha rasps: "You have failed me!
Welcome... death!"

#.# #.# #.# #######.#
........# ........#
########
........###########......##
.......>..@................
........###########........
........# #####....
........# #.... #+#+#+#.#
#.... #.# #.... #.# #....
#.# #†... #.###


There were no monsters in sight!

Vanquished Creatures
  An adder (D:2)
  An ooze (D:1)
  A worm (D:3)
  2 ball pythons
  10 goblins
  5 hobgoblins
  3 jackals (D:2)
  7 kobolds
  3 bats
  3 frilled lizards (D:1)
  4 rats
40 creatures vanquished.

Vanquished Creatures (collateral kills)
  A goblin (D:1)
1 creature vanquished.

Grand Total: 41 creatures vanquished

Notes
Turn   | Place    | Note
-------+----------+-------------------------------------------
     0 | D:1      | GreenAris the Deep Elf Necromancer began the quest for the Orb.
     0 | D:1      | Reached XP level 1. HP: 10/10 MP: 6/6
    13 | D:1      | Learned a level 1 spell: Animate Skeleton
   101 | D:1      | Reached skill level 5 in Necromancy
   266 | D:1      | Reached XP level 2. HP: 10/15 MP: 6/8
   813 | D:1      | Reached XP level 3. HP: 6/19 MP: 7/10
   821 | D:1      | Learned a level 3 spell: Regeneration
  1215 | D:2      | Found an ancient bone altar of Kikubaaqudgha.
  1226 | D:2      | Became a worshipper of Kikubaaqudgha
  1344 | D:2      | Found a glowing golden altar of the Shining One.
  1943 | D:3      | Noticed Sigmund
  1961 | D:3      | Killed from afar by Sigmund

Skill      XL: |  1  2  3 |
---------------+----------+-----
Necromancy     | 5 |  5.8
Spellcasting   | 4 |  4.2
Dodging        | |  2.6
Stealth        | |  2.6
Charms         | |  0.4

Action                   || total
-------------------------++-------
Melee: Dagger            ||     5
 Cast: Pain              ||    70
       Animate Skeleton  ||     4
       Regeneration      ||     4
 Stab: Sleeping          ||     2
  Eat: Bread ration      ||     1
Armor: Robe              ||     6
Dodge: Dodged            ||    30
